 Dungeon Crawl Stone Soup version 0.29.1-15-g9cfb28693d (webtiles) character file.

Game seed: 4065535446223345212

1835 protoss039 the Covered (level 8, -3/62 HPs)
             Began as a Demonspawn Earth Elementalist on Mar 14, 2023.
             Was an Initiate of Vehumet.
             Killed from afar by Maggie (9 damage)
             ... with a bolt of fire
             ... on level 7 of the Dungeon.
             The game lasted 00:10:13 (6920 turns).

protoss039 the Covered (DsEE)                       Turns: 6920, Time: 00:10:14

Health: -3/62      AC: 16    Str:  8    XL:     8   Next: 87%
Magic:  15/15      EV:  8    Int: 20    God:    Vehumet [......]
Gold:   323        SH:  8    Dex: 19    Spells: 11/17 levels left

rFire   . . .      SeeInvis .   H - +2 spear (venom)
rCold   . . .      Faith    .   I - +0 kite shield
rNeg    . . .      Spirit   .   h - +0 ring mail
rPois   .          Reflect  .   p - +0 helmet
rElec   .          Harm     .   (no cloak)
rCorr   .          Rampage  .   f - +0 pair of gloves
Will    .....                   y - +0 pair of boots
Stlth   ++........              j - amulet of magic regeneration
HPRegen 0.20/turn               c - +4 ring of protection
MPRegen 0.54/turn               m - +6 ring of dexterity

@: invisible
A: slimy green scales 1, powered by pain 1, weakness stinger 2
a: Renounce Religion


You were on level 7 of the Dungeon.
You worshipped Vehumet.
Vehumet was noncommittal.
You visited 1 branch of the dungeon, and saw 7 of its levels.
You also visited: Sewer.

You collected 463 gold pieces.
You spent 140 gold pieces at shops.

Inventory:

Hand Weapons
 d - a +0 whip of draining
 H - a +2 spear of venom (weapon)
Armour
 f - a +0 pair of gloves (worn)
 h - a +0 ring mail (worn)
 p - a +0 helmet (worn)
 y - a +0 pair of boots (worn)
 I - a +0 kite shield (worn)
Magical Staves
 o - a staff of fire
 q - a staff of earth
Jewellery
 c - a +4 ring of protection (left hand)
 j - an amulet of magic regeneration (around neck)
 m - a +6 ring of dexterity (right hand)
Wands
 z - a wand of acid (13)
 B - a wand of polymorph (11)
Scrolls
 a - a scroll of blinking
 e - a scroll of identify
 i - a scroll of magic mapping
 k - 5 scrolls of teleportation
 r - a scroll of enchant armour
 t - 3 scrolls of poison
 w - a scroll of immolation {unknown}
 x - a scroll of fear {unknown}
 D - a scroll of acquirement {unknown}
 F - a scroll of fog
Potions
 b - 3 potions of magic
 g - 4 potions of mutation
 l - 2 potions of invisibility
 n - a potion of haste {unknown}
 u - 2 potions of might
 v - a potion of lignification {unknown}
 A - a potion of curing
 C - a potion of brilliance {unknown}
 E - a potion of resistance {unknown}
 G - 2 potions of berserk rage


   Skills:
 + Level 5.0 Fighting
 - Level 6.0 Armour
 - Level 1.7 Dodging
 - Level 1.7 Stealth
 * Level 0.4 Shields
 + Level 5.0 Spellcasting
 + Level 1.9 Conjurations
 - Level 0.8 Transmutations
 + Level 5.4 Earth Magic


You had 11 spell levels left.
You knew the following spells:

 Your Spells              Type           Power      Damage    Failure   Level
a - Sandblast             Erth           52%        2d12      12%         1
b - Passwall              Tmut/Erth      14%        N/A       41%         2
c - Stone Arrow           Conj/Erth      38%        3d9       58%         3

Your spell library contained the following spells:

 Spells                   Type           Power      Damage    Failure   Level
 Magic Dart               Conj           48%        1d5       45%         1
 Wereblood                Tmut           8%         N/A       75%         2
 Call Imp                 Summ           5%         N/A       86%         2
 Sublimation of Blood     Necr           5%         N/A       86%         2
 Mephitic Cloud           Conj/Pois/Air  7%         N/A       95%         3
 Petrify                  Tmut/Erth      17%        N/A       96%         4
 Lee's Rapid Deconstruct  Erth           13%        3d10*     97%         5
 Leda's Liquefaction      Hex/Erth       7%         N/A       98%         4
 Iskenderun's Mystic Bla  Conj/Tloc      8%         2d4       100%        4
 Borgnjor's Vile Clutch   Necr/Erth      7%         N/A       100%        5
 Summon Hydra             Summ           2%         N/A       100%        7


Dungeon Overview and Level Annotations

Branches:
Dungeon (7/15) Zot: 26819  Temple (0/1) D:5           Sewer (visited)

Altars:
Makhleb
Okawaru
Vehumet

Shops:
D:6 ?

Annotations:
D:7 Maggie, Pikel


Innate Abilities, Weirdness & Mutations

You are partially covered in slimy green scales. (AC +2)
You sometimes gain a little power by taking damage.
You have a tail ending in a sharp stinger.


Message History

Press: ? - help, Dir - move target, f/p - Maggie
Aim: Maggie, wielding a +0 glaive and wearing +0 acid dragon scales (lightly wounded, about 33% to evade your +2 spear of venom)
You reach to attack!
You barely miss Maggie.
Maggie is lightly wounded.
Maggie hits you from afar with a +0 glaive.
You block Maggie's attack.
Unknown command.
Reach: H) +2 spear (venom)
Press: ? - help, Dir - move target, f/p - Maggie
Aim: Maggie, wielding a +0 glaive and wearing +0 acid dragon scales (lightly wounded, about 33% to evade your +2 spear of venom)
You reach to attack!
You hit Maggie but do no damage.
Maggie is poisoned.
Maggie is lightly wounded.
Maggie hits you from afar with a +0 glaive!
Unknown command.
Reach: H) +2 spear (venom)
Press: ? - help, Dir - move target, f/p - Maggie
Aim: Maggie, wielding a +0 glaive and wearing +0 acid dragon scales (lightly wounded, poisoned, about 33% to evade your +2 spear of venom)
You reach to attack!
You hit Maggie.
Maggie looks even sicker.
Maggie is lightly wounded.
You block Maggie's attack.
Unknown command.
Reach: H) +2 spear (venom)
Press: ? - help, Dir - move target, f/p - Maggie
Aim: Maggie, wielding a +0 glaive and wearing +0 acid dragon scales (lightly wounded, very poisoned, about 33% to evade your +2 spear of venom)
You reach to attack!
You hit Maggie.
Maggie looks as sick as possible!
Maggie is lightly wounded.
Maggie points at you and mumbles some strange words.
The bolt of fire hits you!!
* * * LOW HITPOINT WARNING * * *
The lemure shouts!
Unknown command.
Unknown command.
You feel better.
Maggie hits you from afar with a +0 glaive!
* * * LOW HITPOINT WARNING * * *
Unknown command.
You fade into invisibility!
Maggie gestures at you while chanting. The bolt of fire hits you!
You die...

# #####
.#.##...########
......#........#
#...######.#
##.......#.###
#.#####.#...#
#.#####.###.####
#@##...........#
#†##.##.###.##.###
#@# #......#


5Kn #..#.#.# 55. #....#.. 5.... #....<.. .###. #...##.. .. .. ##.###.# #.....#
You could see Maggie (unable to see you, extremely poisoned), Pikel (unable to
see you), 4 lemures and a necrophage (unable to see you).

Vanquished Creatures
  Grinder (D:4)
  Eustachio (D:4)
  A water moccasin (D:5)
  Pargi (Sewer)
  A black bear (D:3)
  An ogre (D:5)
  2 centaurs (D:6)
  A bullfrog (D:7)
  A kobold brigand (D:6)
  2 necrophages (D:5)
  A gnoll sergeant (D:7)
  3 scorpions
  A howler monkey (D:6)
  3 hounds
  3 iguanas
  An orc wizard (D:6)
  3 gnolls (D:7)
  9 adders
  2 white imps (D:5)
  8 worms
  3 dart slugs (D:1)
  7 orcs
  5 endoplasms
  3 giant cockroaches
  6 goblins
  3 hobgoblins
  4 jackals (D:3)
  7 quokkas
  7 ball pythons
  7 bats
  6 frilled lizards
  10 kobolds
  4 rats
118 creatures vanquished.

Notes
Turn   | Place    | Note
-------+----------+-------------------------------------------
     0 | D:1      | protoss039 the Demonspawn Earth Elementalist began the
                  | quest for the Orb.
     0 | D:1      | Reached XP level 1. HP: 13/13 MP: 3/3
   108 | D:1      | Got the Anthology of Earth and Damage Dealing
   451 | D:1      | Gained mutation: You have a small tail. [demonic ancestry]
   451 | D:1      | Reached XP level 2. HP: 20/20 MP: 5/5
   616 | D:1      | Reached skill level 1 in Fighting
  1265 | D:1      | Gained mutation: You sometimes gain a little power by
                  | taking damage. [demonic ancestry]
  1265 | D:1      | Reached XP level 3. HP: 26/26 MP: 6/6
  1537 | D:1      | Learned a level 2 spell: Passwall
  2338 | D:2      | Found a faded altar of an unknown god.
  2802 | D:3      | Reached XP level 4. HP: 33/33 MP: 8/8
  2821 | D:3      | Noticed a black bear
  2838 | D:3      | Killed a black bear
  2839 | D:3      | Reached skill level 1 in Armour
  2839 | D:3      | Gained mutation: You have a tail ending in a sharp stinger.
                  | [demonic ancestry]
  2839 | D:3      | Reached XP level 5. HP: 31/39 MP: 7/9
  2866 | D:3      | Reached skill level 2 in Armour
  3293 | D:3      | Learned a level 3 spell: Stone Arrow
  3327 | D:4      | Noticed Eustachio
  3372 | D:4      | Gained mutation: You are partially covered in slimy green
                  | scales. (AC +2) [demonic ancestry]
  3372 | D:4      | Reached XP level 6. HP: 11/46 MP: 10/10
  3379 | D:4      | Killed Eustachio
  3380 | D:4      | Reached skill level 3 in Armour
  3872 | D:4      | Reached XP level 7. HP: 41/52 MP: 9/12
  4079 | D:4      | Noticed Grinder
  4090 | D:4      | Paralysed by Grinder for 4 turns
  4096 | D:4      | Killed Grinder
  4097 | D:4      | Reached skill level 4 in Armour
  4195 | D:4      | Found an iron altar of Okawaru.
  4232 | D:5      | Entered Level 5 of the Dungeon
  4522 | D:5      | Found a glowing drain.
  4537 | Sewer    | Entered a sewer
  4570 | Sewer    | Noticed Pargi
  4578 | Sewer    | Killed Pargi
  4751 | D:5      | Reached XP level 8. HP: 31/60 MP: 14/14
  5064 | D:5      | Reached skill level 5 in Armour
  5069 | D:5      | Reached skill level 5 in Earth Magic
  5275 | D:5      | Found a radiant altar of Vehumet.
  5399 | D:5      | Found a staircase to the Ecumenical Temple.
  5479 | D:5      | Became a worshipper of Vehumet
  5730 | D:6      | Reached skill level 1 in Conjurations
  6047 | D:6      | Found a burning altar of Makhleb.
  6306 | D:6      | Found Xaphom's Magic Scroll Shoppe.
  6334 | D:6      | Reached skill level 5 in Spellcasting
  6417 | D:6      | Bought a scroll of identify for 20 gold pieces
  6417 | D:6      | Bought a scroll of identify for 20 gold pieces
  6417 | D:6      | Bought a scroll of fog for 40 gold pieces
  6417 | D:6      | Bought a scroll of teleportation for 30 gold pieces
  6417 | D:6      | Bought a scroll of teleportation for 30 gold pieces
  6769 | D:7      | Reached skill level 5 in Fighting
  6901 | D:7      | Noticed Maggie
  6905 | D:7      | Noticed Pikel
  6910 | D:7      | Reached skill level 6 in Armour
  6920 | D:7      | Killed from afar by Maggie

Illustrated notes

Levels and vault maps discovered:
D:1:      ncdulo_lavacross, layout_basic, serial_bayou_lagoon_b
D:2:      layout_loops_ring, ebering_ecumenical_altar_hall
D:3:      layout_rooms, nicolae_wormholes
D:4:      layout_basic, mainiacjoe_overflow_chevrons, uniq_eustachio,
          uniq_grinder
D:5:      layout_rooms, lemuel_coloured_pillars_altar, temple_green,
          serial_corexii_hall, chequers_hall_statues_y, corexii_hall_statues_x,
          cheibrodos_sewer_entry_bend, st_stairs_14
D:6:      layout_loops_corners, mainiacjoe_overflow_alcove_4, serial_shops,
          shop, solitary_fountain
D:7:      layout_loops_cross, nzn_wu_jian_council_hall, kennysheep_nondescript,
          minmay_misc_feat_iff, st_stairs_3, uniq_pikel, uniq_maggie

Skill      XL: |  1  2  3  4  5  6  7  8 |
---------------+-------------------------+-----
Fighting       | 1 2 3 4 5 |  5.0
Earth Magic    | 3 4 5 |  5.4
Armour         | 1 2 3 4 6 |  6.0
Spellcasting   | 3 4 5 |  5.0
Conjurations   | 1 |  1.9
Dodging        | |  1.7
Stealth        | |  1.7
Shields        | |  0.4
Transmutations | |  0.8

Action                   |  1- 3 |  4- 6 |  7- 9 || total
-------------------------+-------+-------+-------++-------
Melee: Whip              |   112 |    11 |   114 ||   237
       Tailslap          |     7 |    21 |    35 ||    63
       Punch             |     2 |       |     2 ||     4
       Short sword       |     1 |    75 |    11 ||    87
       Spear             |       |       |    13 ||    13
 Cast: Sandblast         |     6 |    26 |    80 ||   112
       Stone Arrow       |       |       |     4 ||     4
  Use: Scroll            |       |     3 |     7 ||    10
       Potion            |       |       |     3 ||     3
 Stab: Sleeping          |     5 |     1 |       ||     6
Armor: Robe              |    16 |       |       ||    16
       Ring mail         |    34 |   104 |   156 ||   294
Dodge: Dodged            |    71 |   118 |   134 ||   323
Block: Kite shield       |       |       |     5 ||     5
